 Dungeon Crawl Stone Soup version 0.20.0-14-g326068f (webtiles) character file.

3468 greprep the Carver (level 9, -5/75 HPs)
             Began as a Minotaur Fighter on June 8, 2017.
             Was a Follower of Ashenzari.
             Slain by an orc warrior
             ... wielding a +0 glaive
              (21 damage)
             ... in a bailey.
             The game lasted 00:14:51 (8476 turns).

greprep the Carver (Minotaur Fighter)               Turns: 8476, Time: 00:14:52

Health: -5/75      AC:  9    Str: 29    XL:     9   Next: 79%
Magic:  17/17      EV: 11    Int:  5    God:    Ashenzari [*.....]
Gold:   382        SH: 11    Dex: 10    Spells: 8/8 levels left

rFire    . . .     SeeInvis .   C - +0 scimitar
rCold    . . .     Gourm    +   c - +0 shield
rNeg     . . .     Faith    .   b - +0 scale mail
rPois    .         Spirit   .   (helmet restricted)
rElec    .         Reflect  .   v - +0 cloak
rCorr    .         Harm     .   (no gloves)
MR       +....                  (no boots)
Stlth    ..........             A - amulet of the gourmand
Regen    0.3/turn               m - ring of magical power
MPRegen  0.2/turn               g - ring of protection from magic

@: mighty, hasted, very quick
A: retaliatory headbutt, horns 2
a: Curse Item, Scrying, Renounce Religion


You were in a bailey.
You worshipped Ashenzari.
Ashenzari was aware of your devotion.
You were not hungry.

You visited 1 branch of the dungeon, and saw 7 of its levels.
You also visited: Sewer, Ossuary and Bailey.

You collected 382 gold pieces.

Inventory:

Hand Weapons
 C - a +0 scimitar (weapon)
 H - a +0 spear
Armour
 b - a +0 scale mail (worn)
 c - a +0 shield (worn)
 v - a +0 cloak (worn)
Jewellery
 g - a ring of protection from magic (right hand)
 i - an uncursed amulet of guardian spirit
 m - a ring of magical power (left hand)
 A - an amulet of the gourmand (around neck)
Wands
 E - a wand of acid (11/15)
Scrolls
 a - a scroll of remove curse
 e - 3 scrolls of magic mapping
 s - 3 scrolls of teleportation
 x - 2 scrolls of recharging {unknown}
 y - a scroll of fog {unknown}
 z - a scroll of enchant armour {unknown}
 D - a scroll of blinking {unknown}
 G - a scroll of noise {unknown}
Potions
 h - 2 potions of degeneration {unknown}
 j - 3 potions of flight {unknown}
 k - 3 potions of agility
 l - a potion of berserk rage {unknown}
 o - 5 potions of curing
 p - a potion of ambrosia {unknown}
 q - 2 potions of brilliance {unknown}
 r - 5 potions of haste
 t - a potion of lignification
Books
 F - a Young Poisoner's Handbook

   Spells                             Type                      Level
   a - Sting                          Conjuration/Poison           1
   b - Poisonous Vapours              Poison/Air                   2
   c - Mephitic Cloud                 Conjuration/Poison/Air       3
   d - Olgreb's Toxic Radiance        Poison                       4
   e - Venom Bolt                     Conjuration/Poison           5
Comestibles
 f - 3 bread rations
 n - a fruit
 w - 2 meat rations
 B - 2 royal jellies


   Skills:
 + Level 6.1 Fighting
 * Level 11.5 Long Blades
 + Level 7.3 Armour
 * Level 5.7 Dodging
 + Level 7.3 Shields


You had 8 spell levels left.
You didn't know any spells.

Dungeon Overview and Level Annotations

Branches:
Dungeon (7/15)             Temple (0/1) D:6

Altars:
Ashenzari
Cheibriados
Hepliaklqana
Kikubaaqudgha
Nemelex Xobeh
Qazlal
Ru
Trog
Uskayaw
Vehumet
Zin

Shops:
D:5 }


Innate Abilities, Weirdness & Mutations

You reflexively headbutt those who attack you in melee.
You have a pair of horns on your head.


Message History

Things that are here:
an uncursed glaive; an uncursed ring mail
Things that are here:
an uncursed glaive; an uncursed chain mail; an orc corpse You feel much better.
The orc warrior misses you.
Things that are here:
an uncursed trident; an uncursed chain mail; an orc corpse
Things that are here:
an uncursed trident; an uncursed ring mail; an orc corpse You feel very mighty all of a sudden.
You block the orc warrior's attack.
You feel yourself speed up.
The orc warrior hits you from afar with a spear!
You block the orc warrior's attack. The orc warrior hits you with a spear.
You block the orc warrior's attack.
You barely miss the orc warrior. The orc warrior hits you with a spear!
* * * LOW HITPOINT WARNING * * *
You block the orc's attack.
The orc warrior hits you from afar with a glaive!!
You die...

#≈..#.≈.≈.≈.⌠∩⌠.≈.≈.≈
#≈..#.≈.≈.≈≈...≈≈.≈.≈
#≈..#.≈.≈≈.≈...≈.≈≈.≈
#≈..#.≈≈.≈.≈≈≈≈≈.≈.≈≈
#≈..##.≈.≈≈.....≈≈.≈.
#≈..⌠#.≈≈.≈≈≈.≈≈≈.≈≈.
#≈...#..≈≈..≈.≈..≈≈..
#≈...#.⌠.≈≈≈)..≈≈≈.⌠.
#≈..@##....≈≈≈≈≈....#
#≈..oo#####.....#####
##...oo..o#######⌠...
##.....).o..........
##.....))..........
#########)''######
≈≈≈ #...# ≈≈≈≈ #...#
≈≈≈≈≈ #...# ≈


You could see 3 orc warriors and an orc.

Vanquished Creatures
  Grinder (D:3)
  Sigmund (D:6)
  A sky beast (D:6)
  3 phantoms
  A black bear (D:6)
  6 orc warriors
  3 ogres (D:4)
  5 centaurs
  2 elf zombies (Ossuary)
  5 bullfrogs
  A howler monkey (D:6)
  A bullfrog zombie (D:5)
  A centaur zombie (Ossuary)
  A jelly (D:6)
  2 orc wizards (D:6)
  2 hounds
  Crazy Yiuf (D:3)
  A bullfrog skeleton (D:6)
  2 orc priests (D:6)
  Jessica (D:2)
  2 worker ants
  A big kobold zombie (Ossuary)
  A hound zombie (D:7)
  3 mummies
  A worker ant zombie (D:6)
  16 adders
  3 shadow imps
  13 oozes (Sewer)
  An adder skeleton (D:5)
  2 adder zombies (Ossuary)
  A worm (D:2)
  3 dart slugs
  13 leopard geckos
  37 orcs
  9 ball pythons
  17 giant cockroaches
  4 goblins
  9 hobgoblins
  28 jackals
  A quokka (D:3)
  4 bats
  11 frilled lizards
  A goblin zombie (Ossuary)
  9 hobgoblin zombies (Ossuary)
  9 kobolds
  11 kobold zombies (Ossuary)
  8 orc zombies (Ossuary)
  A quokka zombie (D:5)
  5 rats
  6 rat zombies
271 creatures vanquished.

Vanquished Creatures (others)
  A kobold (D:3)
  A butterfly (D:6)
  4 toadstools (D:1)
6 creatures vanquished.

Grand Total: 277 creatures vanquished

Notes
Turn   | Place    | Note
-------+----------+-------------------------------------------
     0 | D:1      | greprep the Minotaur Fighter began the quest for the Orb.
     0 | D:1      | Reached XP level 1. HP: 19/19 MP: 0/0
   236 | D:1      | Reached XP level 2. HP: 27/27 MP: 1/1
   655 | D:1      | Reached skill level 3 in Long Blades
   655 | D:1      | Reached skill level 1 in Dodging
   655 | D:1      | Reached XP level 3. HP: 21/33 MP: 2/2
  1205 | D:2      | Found a sacrificial altar of Ru.
  1222 | D:2      | Reached XP level 4. HP: 36/40 MP: 3/3
  1290 | D:2      | Noticed Jessica
  1439 | D:2      | Killed Jessica
  1439 | D:2      | Reached skill level 4 in Long Blades
  1731 | D:3      | Found an ancient bone altar of Kikubaaqudgha.
  1753 | D:3      | Noticed Grinder
  1782 | D:3      | Killed Grinder
  1782 | D:3      | Reached skill level 5 in Long Blades
  1782 | D:3      | Reached XP level 5. HP: 7/46 MP: 4/4
  1782 | D:3      | Reached XP level 6. HP: 8/52 MP: 5/5
  2184 | D:3      | Found a stormy altar of Qazlal.
  2244 | D:3      | Found a glowing silver altar of Zin.
  2364 | D:3      | Found a runed door.
  2646 | D:3      | Reached skill level 5 in Shields
  2831 | D:3      | Noticed Crazy Yiuf
  2843 | D:3      | Killed Crazy Yiuf
  2967 | D:4      | Found a bloodstained altar of Trog.
  2977 | D:4      | Found a hazy altar of Hepliaklqana.
  2977 | D:4      | Found a radiant altar of Vehumet.
  2980 | D:4      | Reached skill level 6 in Long Blades
  2980 | D:4      | Reached skill level 5 in Armour
  3076 | D:4      | Found a sand-covered staircase.
  3143 | Ossuary  | Entered an ossuary
  3193 | Ossuary  | Reached XP level 7. HP: 58/59 MP: 6/6
  3426 | Ossuary  | Reached skill level 7 in Long Blades
  3799 | D:4      | Reached skill level 8 in Long Blades
  4124 | D:4      | Found a hide-covered altar of Uskayaw.
  4205 | D:4      | Found a sparkling altar of Nemelex Xobeh.
  4263 | D:4      | Reached XP level 8. HP: 67/67 MP: 7/7
  4518 | D:5      | Entered Level 5 of the Dungeon
  4745 | D:5      | Reached skill level 9 in Long Blades
  4790 | D:5      | Found Meawauc's Gadget Emporium.
  4969 | D:5      | Reached skill level 5 in Fighting
  5196 | D:5      | Found a glowing drain.
  5214 | Sewer    | Entered a sewer
  5457 | Sewer    | Reached skill level 10 in Long Blades
  5822 | D:5      | Found a shattered altar of Ashenzari.
  5949 | D:5      | Became a worshipper of Ashenzari the Shackled
  6057 | D:6      | Reached XP level 9. HP: 67/74 MP: 8/8
  6185 | D:6      | Found a snail-covered altar of Cheibriados.
  6442 | D:6      | Found a staircase to the Ecumenical Temple.
  6589 | D:6      | Noticed Sigmund
  6604 | D:6      | Killed Sigmund
  6604 | D:6      | Reached skill level 11 in Long Blades
  6604 | D:6      | Reached skill level 5 in Dodging
  6748 | D:6      | Reached * piety under Ashenzari
  7599 | D:7      | Found a flagged portal.
  7649 | Bailey   | Entered a bailey
  8476 | Bailey   | Slain by an orc warrior

Skill      XL: |  1  2  3  4  5  6  7  8  9 |
---------------+----------------------------+-----
Armour         | 4 5 7 |  7.3
Long Blades    | 3 5 6 8 10 11 | 11.5
Dodging        | 1 2 3 4 5 |  5.7
Shields        | 4 5 6 7 |  7.3
Fighting       | 4 5 6 |  6.1

Action                   |  1- 3 |  4- 6 |  7- 9 || total
-------------------------+-------+-------+-------++-------
Melee: Long sword        |   118 |   161 |   228 ||   507
       Headbutt          |    11 |    29 |   103 ||   143
       Scimitar          |       |       |   309 ||   309
  Use: Scroll            |       |       |     7 ||     7
       Potion            |       |       |     6 ||     6
  Eat: Chunk             |     1 |     4 |    13 ||    18
       Royal jelly       |       |     1 |     1 ||     2
       Meat ration       |       |       |     1 ||     1
Armor: Scale mail        |    47 |    57 |   168 ||   272
       Skin              |       |       |    12 ||    12
Dodge: Dodged            |    37 |    41 |   194 ||   272
Block: Shield            |    78 |    77 |   307 ||   462
       Rpst.: Long sword |    11 |     5 |    19 ||    35
       Scimitar          |       |       |    36 ||    36
